Cogmind - Beta 13 X1 @@@ ROGUE MODE // 2023.06.27 @ 23:23:25 Player: leiavoia Result: Destroyed by Autobeam Turret with Autobeam Performance ------------- Evolutions (0) 0 Regions Visited (3) 600 Robots Destroyed (45) 225 Value Destroyed (1130) 1130 Prototype IDs (10) 200 Alien Tech Used (0) 0 Bonus (5) 5 TOTAL SCORE: 2160 Bonus ------- Follower Combat Kills 84 Friendly Fire -79 Cogmind --------- Core Integrity 0/250 Matter 260/300 Energy 170/170 System Corruption 0% Temperature Cool (11) Movement Walking (270) Ox2 Location -10/Subcaves Parts ------- > --- POWER (1) -------- Makeshift Power Source > --- PROPULSION (2) --- Cargo Legs > --- UTILITY (2+2) ---- Huge Storage Unit (+) Subdweller Optics (+) Scrap Shield > --- WEAPON (2) ------- Subdweller Shrapnel Launcher Subdweller Shrapnel Launcher > --- INVENTORY (25) --- Light Ion Engine Light Nuclear Core Light Treads Light Treads Light Treads Subdweller Monowheel Subdweller Monowheel Humpback High-capacity Matter Pod (105) Scrap Shield Particle Gun Subdweller Machine Gun Improved Light Cannon Improved Light Cannon Improved Light Cannon Improved Light Cannon Battle Cannon Mini Grenade Launcher Datajack Multitool Makeshift Sword Scrap Shield Fragment (45) Scrap Shield Fragment (45) Peak State ------------ > --- POWER ------------ Makeshift Power Source > --- PROPULSION ------- Cargo Legs > --- UTILITY ---------- Huge Storage Unit Subdweller Optics Scrap Shield > --- WEAPON ----------- Improved Light Cannon Improved Light Cannon > --- INVENTORY -------- Light Ion Engine Light Nuclear Core Light Treads Light Treads Light Treads Subdweller Monowheel Subdweller Monowheel Humpback High-capacity Matter Pod Scrap Shield Particle Gun Subdweller Machine Gun Improved Light Cannon Improved Light Cannon Battle Cannon Mini Grenade Launcher Subdweller Shrapnel Launcher Subdweller Shrapnel Launcher Datajack Multitool Makeshift Sword Scrap Shield Fragment Scrap Shield Fragment [Rating: 35] Favorites ----------- Power Makeshift Power Source Engine Makeshift Power Source Power Core Light Nuclear Core Propulsion Light Treads Treads Light Treads Leg Cargo Legs Wheel Compact Wheel Utility Huge Storage Unit Device Improved Terrain Scanner Storage Huge Storage Unit Protection Scrap Shield Weapon Improved Light Cannon Energy Gun Medium Laser Energy Cannon Subdweller Beam Cannon Ballistic Gun Assault Rifle Ballistic Cannon Improved Light Cannon Launcher Subdweller Shrapnel Launcher Build | -11 -10 -10 -10 ------- Run | Jun Mat Min Sub Slots Evolved . | . . . . Power . | . . . . Propulsion . | . . . . Utility . | . . . . Weapon . | . . . . Parts Attached 48 | 1 12 2 33 Power 6 | . 2 . 4 Engine 5 | . 2 . 3 Core 1 | . . . 1 Reactor . | . . . . Propulsion 6 | . 2 . 4 Treads 2 | . . . 2 Leg 1 | . . . 1 Wheel 3 | . 2 . 1 Hover . | . . . . Flight . | . . . . Utility 8 | 1 1 . 6 Device 3 | 1 . . 2 Storage 2 | . 1 . 1 Processor . | . . . . Hackware . | . . . . Protection 3 | . . . 3 Artifact . | . . . . Weapon 28 | . 7 2 19 Energy Gun 3 | . 2 . 1 Energy Cannon 3 | . . . 3 Ballistic Gun 2 | . 1 . 1 Ballistic Cannon 12 | . 2 1 9 Launcher 8 | . 2 1 5 Special Weapon . | . . . . Impact Weapon . | . . . . Slashing Weapon . | . . . . Piercing Weapon . | . . . . Special Melee Weapon . | . . . . Unidentified Prototypes 1 | . . . 1 Parts Lost 2 | . 1 . 1 Power . | . . . . Propulsion 1 | . . . 1 Utility . | . . . . Weapon 1 | . 1 . . Highest Loss Streak 1 | . 1 . 1 To Critical Strikes . | . . . . Average Slot Usage (%) 85 | . 100 100 78 Engine 9 | . 14 14 6 Core 3 | . . . 5 Treads 7 | . . . 10 Leg 3 | . . . 5 Wheel 11 | . 27 28 3 Device 5 | . 14 14 1 Storage 9 | . 14 14 6 Protection 7 | . . . 11 Energy Gun 1 | . 8 . . Energy Cannon 3 | . . . 4 Ballistic Gun 1 | . 9 . . Ballistic Cannon 19 | . 6 27 20 Launcher 1 | . 3 . . Naked Turns . | . . . . Heaviest Build 120 | 13 94 94 120 Greatest Support 55 | 20 26 26 55 Greatest Overweight (x) 6 | . 3 3 6 Average Overweight (x) 1 | . 2 3 1 Largest Inventory Capacity 25 | 8 25 25 25 Average Capacity 19 | 8 24 25 17 Most Carried 25 | 7 25 25 25 Average Carried 17 | 6 19 25 15 Final Capacity 25 | 8 25 25 25 Final Carried 25 | 7 25 25 25 Class Distribution -------------------- 66% | Mutant 28% | Subdweller-Mutant Dominant Class ---------------- Mutant | -10/Materials Mutant | -10/Mines Mutant | -10/Subcaves Resources | -11 -10 -10 -10 ----------- Run | Jun Mat Min Sub Matter Collected 2091 | 234 435 374 1048 Remotely . | . . . . Salvage Created 1304 | 114 466 323 401 Parts 82 | 4 34 18 26 Haulers Intercepted 1 | . 1 . . Recyclers Shooed . | . . . . Parts Field Recycled . | . . . . Retrieved Matter . | . . . . Parts Self-Destructed 10 | . . . 10 Prevented . | . . . . Kills | -11 -10 -10 -10 ------- Run | Jun Mat Min Sub Combat Hostiles Destroyed 34 | . 14 3 17 Guns 4 | . 4 . . Cannons 17 | . 6 1 10 AOE 13 | . 4 2 7 Classes Destroyed 11 | 2 4 1 4 Worker 1 | . . 1 . Tunneler 3 | 1 . 2 . Hauler 1 | . 1 . . Recycler 4 | 1 . 3 . Watcher 2 | . 2 . . Swarmer 10 | . 3 2 5 Grunt 14 | . 11 1 2 Sentry 1 | . . . 1 Artisan 2 | . . . 2 Cobbler 2 | . . . 2 Subdweller 9 | . . . 9 Best Kill Streak 4 | 2 4 3 3 Combat Bots Only 4 | . 4 2 3 Max Kills in Single Turn 3 | 1 2 3 2 Gunslinging . | . . . . Exploded 2 | . 2 2 2 Melee . | . . . . Uniques/NPCs Destroyed . | . . . . Combat | -11 -10 -10 -10 -------- Run | Jun Mat Min Sub Damage Taken 1302 | . 476 108 718 Core 257 | . 139 29 89 Absorbed by Shields . | . . . . Core Remaining (%) 100 | 100 . . . Volleys Fired 164 | 8 45 17 94 Largest 4 | 2 2 2 4 Hottest 156 | 60 85 78 156 Shots Fired 304 | 16 85 30 173 Gun 69 | 16 53 . . Cannon 217 | . 28 26 163 Launcher 18 | . 4 4 10 Special . | . . . . Kinetic 236 | 8 54 26 148 Thermal 43 | . 22 . 21 Explosive 12 | . 4 4 4 Electromagnetic 13 | 8 5 . . Robot Hit Streak 14 | 3 8 4 14 Robot Miss Streak 3 | 1 3 3 2 Penetration Max . | . . . . Secondary Targets . | . . . . Shots Hit Robots 151 | 9 48 13 81 Core Hits 70 | 3 22 13 32 Critical Kills . | . . . . Critical Parts Destroyed . | . . . . Critical Strikes 2 | . 1 . 1 Blast 2 | . 1 . 1 Melee Attacks . | . . . . Impact . | . . . . Slashing . | . . . . Piercing . | . . . . Sneak Attacks . | . . . . Combat Hostiles . | . . . . Follow-up Attacks . | . . . . Damage Inflicted 4004 | 119 1096 455 2334 Guns 516 | 119 397 . . Cannons 2289 | . 428 297 1564 Explosions 1199 | . 271 158 770 Melee . | . . . . Ramming . | . . . . Kinetic 2936 | 62 625 297 1952 Thermal 406 | . 319 . 87 Explosive 566 | . 113 158 295 Electromagnetic 96 | 57 39 . . Impact . | . . . . Slashing . | . . . . Piercing . | . . . . Highest Corruption . | . . . . Average Corruption . | . . . . Corruption Purged . | . . . . Corruption Blocked . | . . . . Overload Shots . | . . . . Overflow Damage . | . . . . Projectiles . | . . . . Explosions . | . . . . Melee . | . . . . Knockbacks 25 | . 7 6 12 Impact . | . . . . Kinetic 25 | . 7 6 12 Secondary . | . . . . Self-Inflicted Damage 100 | . 33 41 26 Shots 3 | . 1 1 1 Rammed . | . . . . Targets Rammed . | . . . . Kicked . | . . . . Crushed . | . . . . Highest Temperature 345 | 20 345 58 134 Average Temperature 56 | 20 84 20 29 Received Heat Transfer 396 | . 228 30 138 Siege Activations . | . . . . Robots Corrupted . | . . . . Combat Hostiles . | . . . . Parts Fried 1 | 1 . . . Impact Corruptions . | . . . . Robots Melted . | . . . . Combat Hostiles . | . . . . Parts Melted . | . . . . Heat Transferred 718 | . 607 . 111 Parts Sabotaged . | . . . . Parts Stolen . | . . . . Parts Stripped . | . . . . Power Chain Reactions 2 | . 2 . . Missiles Intercepted . | . . . . Alert | -11 -10 -10 -10 ------- Run | Jun Mat Min Sub Peak Influence 204 | 10 204 182 . Initial 79 | . 6 79 . Average 92 | 7 81 105 . Maximum Alert Level 1 | . 1 . . Low Security (%) 98 | 100 97 100 . Level 1 1 | . 2 . . Level 2 . | . . . . Level 3 . | . . . . Level 4 . | . . . . Level 5 . | . . . . High Security . | . . . . Max Security . | . . . . Squads Dispatched 6 | . 6 . . Investigation 4 | . 4 . . Extermination . | . . . . Reinforcement 2 | . 2 . . Assault . | . . . . Garrison . | . . . . Intercept . | . . . . Searches Triggered . | . . . . Construction Impeded . | . . . . Haulers Reinforced . | . . . . Active Scanning Responses . | . . . . Cargo Convoy Interrupts . | . . . . Stealth | -11 -10 -10 -10 --------- Run | Jun Mat Min Sub Distress Signals . | . . . . Communications Jammed . | . . . . Distress Signals . | . . . . Times Spotted 61 | . 19 10 32 Peak Tracking Total 4 | . 3 3 4 Tactical Retreats 2 | . . . 2 Traps | -11 -10 -10 -10 ------- Run | Jun Mat Min Sub Traps Triggered 2 | . 1 . 1 Indirectly . | . . . . Trap Hack Attempts . | . . . . Triggered . | . . . . Disarmed . | . . . . Reprogrammed . | . . . . Reused . | . . . . Traps Extracted . | . . . . Installed 1 | . . . 1 Triggered . | . . . . Machines | -11 -10 -10 -10 ---------- Run | Jun Mat Min Sub Machines Disabled 6 | . 1 2 3 Max in Single Turn 2 | . 1 2 2 Machines Repaired . | . . . . Machines Sabotaged . | . . . . Overloaded Fab Kills . | . . . . Hacking | -11 -10 -10 -10 --------- Run | Jun Mat Min Sub Machines Accessed 7 | . 6 . 1 Terminals 4 | . 4 . . Fabricators . | . . . . Repair Stations . | . . . . Recycling Units 2 | . 2 . . Scanalyzers . | . . . . Garrison Access . | . . . . Total Hacks 25 | . 16 . 9 Successful 17 | . 8 . 9 Failed 8 | . 8 . . Catastrophic 2 | . 2 . . Database Lockouts . | . . . . Manual 8 | . 8 . . Terminals 12 | . 12 . . Fabricators . | . . . . Repair Stations . | . . . . Recycling Units 4 | . 4 . . Scanalyzers . | . . . . Garrison Access . | . . . . Terminal Hacks 14 | . 5 . 9 Record 8 | . . . 8 Robot Analysis 2 | . 2 . . Recall Reinforcements 1 | . 1 . . Zone Layout 2 | . 2 . . Derelict Proto ID Bank 1 | . . . 1 Fabricator Hacks . | . . . . Repair Station Hacks . | . . . . Recycling Unit Hacks 1 | . 1 . . Retrieve Components 1 | . 1 . . Scanalyzer . | . . . . Garrison Access Hacks . | . . . . Unauthorized Hacks 2 | . 2 . . Terminals . | . . . . Fabricators . | . . . . Repair Stations . | . . . . Recycling Units 2 | . 2 . . Tunnel 2 | . 2 . . Scanalyzers . | . . . . Garrison Access . | . . . . Data Cores Recovered . | . . . . Used . | . . . . Hacking Detections 5 | . 5 . . Full Trace Events 1 | . 1 . . Feedback Events . | . . . . Feedback Blocked . | . . . . Robot Schematics Acquired . | . . . . Robots Built . | . . . . Authchips . | . . . . Time . | . . . . Total Robot Build Rating . | . . . . Part Schematics Acquired . | . . . . Parts Built . | . . . . Authchips . | . . . . Time . | . . . . Total Part Build Rating . | . . . . Parts Repaired . | . . . . Time . | . . . . Parts Recycled . | . . . . Recycled Matter . | . . . . Retrieved Matter . | . . . . Retrieved Components 2 | . 2 . . Parts Scanalyzed . | . . . . Part Schematics Acquired . | . . . . Parts Damaged . | . . . . Bothacking | -11 -10 -10 -10 ------------ Run | Jun Mat Min Sub Used RIF Installer . | . . . . Robots Hacked . | . . . . Non-combat . | . . . . Combat . | . . . . Robot Hacks Applied . | . . . . Relay Couplers Released . | . . . . Fabnet Peak Effective % . | . . . . Robots Rewired . | . . . . Allies Hacked . | . . . . Hacks Repelled . | . . . . Allies | -11 -10 -10 -10 -------- Run | Jun Mat Min Sub Total Allies 5 | . . 5 . Largest Group 3 | . . 3 2 Highest-Rated Group 57 | . . 57 41 Highest-Rated Ally 31 | . . 31 31 Total Orders . | . . . . Ally Attacks 18 | . . 18 . Total Damage 203 | . . 203 . Kills 8 | . . 8 . Allies Corrupted . | . . . . Allies Melted . | . . . . Intel | -11 -10 -10 -10 ------- Run | Jun Mat Min Sub Robot Analysis Total 2 | . 2 . . Derelict Logs Recovered 5 | . . 2 3 Drone Launches . | . . . . Drone Recoveries . | . . . . Exploration | -11 -10 -10 -10 ------------- Run | Jun Mat Min Sub Turns Passed 6384 | 40 1003 1094 4247 Spaces Moved 3367 | 12 594 747 2014 Core . | . . . . Treads 882 | . . . 882 Legs 848 | 12 18 . 818 Wheels 1637 | . 576 747 314 Hover . | . . . . Flight . | . . . . Fastest Speed 105 | 120 120 135 105 Average Speed 166 | 120 134 135 187 Slowest Speed 270 | 120 135 135 270 Overloaded Moves . | . . . . Propulsion Burnouts . | . . . . Robots Hopped . | . . . . Cave-ins Triggered . | . . . . Exploration Rate (%) 68 | 3 94 99 78 Regions Visited 3 Branch Regions 2 Pre-discovered Areas 5 | . 2 2 1 Known Exits Taken . | . . . . Unknown Exits Taken 3 | 1 1 1 . Scrap Searched 17 | . . 1 16 Spaces Dug 1 | . . . 1 Terrain Destroyed 146 | . 26 38 82 Melee . | . . . . Projectile 7 | . . 1 6 AOE 139 | . 26 37 76 Terrain Rammed . | . . . . Walls Destroyed . | . . . . Machines Disabled . | . . . . Actions | -11 -10 -10 -10 --------- Run | Jun Mat Min Sub Total 3871 | 21 716 806 2328 Wait 173 | . 27 35 111 Move 3364 | 11 593 746 2014 Hop . | . . . . Pick Up 70 | 1 27 3 39 Fast Attach 9 | 1 . . 8 Attach 10 | . 1 . 9 Detach 1 | . . . 1 Swap 29 | . 11 2 16 Drop 45 | . 12 3 30 Fire 164 | 8 45 17 94 Melee . | . . . . Ram . | . . . . Kick . | . . . . Crush . | . . . . Escape Stasis . | . . . . Rewire . | . . . . Trap 1 | . . . 1 Miscellaneous 5 | . . . 5 Route ------- -11/Junkyard -10/Materials (discovered 6 exits: [*Mat x3] / [*Min x2] / *Sub) -10/Mines (discovered 4 exits: [*Mat x2] / [*Exi] / *Sub) -10/Subcaves (discovered 3 exits: [*Mat] / [*Mat] / [*Rec]) History --------- Turn | Location | Event 26 | -11/Junkyard | Discovered new exit (range 2) 41 | -11/Junkyard | Entered Materials 209 | -10/Materials | Discovered new exit (range 15) 317 | -10/Materials | Build established: Mutant 377 | -10/Materials | Discovered new exit (range 13) 466 | -10/Materials | Discovered new exit (range 16) 611 | -10/Materials | Discovered new exit (range 8) 695 | -10/Materials | Discovered new exit (range 11) 800 | -10/Materials | Derelicts attacked the area 837 | -10/Materials | Discovered new exit (range 16) 989 | -10/Materials | Core integrity fell below 50% 1044 | -10/Materials | Entered Mines 1065 | -10/Mines | Learned location of Zion (-6) 1088 | -10/Mines | Assisted by bots powering up and referring to "LRC-V3" 1141 | -10/Mines | Discovered new exit (range 13) 1184 | -10/Mines | Discovered new exit (range 13) 1415 | -10/Mines | Deemed a non-threat by the Exiles lab entrance 1415 | -10/Mines | Discovered new exit (range 5) 1460 | -10/Mines | Discovered new exit (range 5) 1772 | -10/Mines | Learned location of Storage (-9) 1778 | -10/Mines | Received a Rocket Launcher from a helpful Derelict 2138 | -10/Mines | Entered Subcaves 2138 | -10/Subcaves | Accompanied by 2 allies 2226 | -10/Subcaves | Ambushed by Subdwellers from Twisted Machinery 2274 | -10/Subcaves | Learned Materials security intel 2331 | -10/Subcaves | Learned Materials garrison access intel 2350 | -10/Subcaves | A Subdweller sparked back to life 2350 | -10/Subcaves | A Subdweller sparked back to life 2350 | -10/Subcaves | A Subdweller sparked back to life 2378 | -10/Subcaves | Found Prototype Protection 2378 | -10/Subcaves | Identified Gun Armor 2380 | -10/Subcaves | Attached Gun Armor, gained temporary slots: Weapon x2 2479 | -10/Subcaves | Shifting Twisted Machinery released Sub. Power Source 2590 | -10/Subcaves | A swath of the cavern ceiling suddenly collapsed 2667 | -10/Subcaves | Core integrity fell below 20% 2759 | -10/Subcaves | Shifting Twisted Machinery released Sub. Beam Cannon 3036 | -10/Subcaves | Discovered new exit (range 10) 3188 | -10/Subcaves | Shifting Twisted Machinery released Sub. Laser 3226 | -10/Subcaves | Shifting Twisted Machinery released Battle Rifle 4026 | -10/Subcaves | Disturbed a concealed Subdweller 4319 | -10/Subcaves | Visited 4L-MR0's lab 4338 | -10/Subcaves | Found Cargo Legs 4340 | -10/Subcaves | Attached Cargo Legs, gained temporary slots: Utility x2 4898 | -10/Subcaves | Build established: Subdweller-Mutant 6245 | -10/Subcaves | Ambushed by Subdwellers from Twisted Machinery 6376 | -10/Subcaves | Discovered new exit (range 21) 6379 | -10/Subcaves | Discovered new exit (range 13) 6385 | -10/Subcaves | Shifting Twisted Machinery released Sub. Optics 6385 | -10/Subcaves | Destroyed by Autobeam Turret with Autobeam Last Messages --------------- 05827_ Acquired 13 matter. 05833_ Acquired 9 matter. 05964_ Acquired 10 matter. 05976_ Acquired Sub. Optics. 05991_ Acquired 29 matter. 06002_ Acquired 3 matter. 06059_ Acquired 12 matter. 06097_ Acquired 8 matter. 06245_ VZ-8YG(R) emerges from the Twisted Machinery. 06251_ 2K-F6K(R) destroyed. 06254_ VZ-8YG(R) destroyed. 06268_ Dropped Hcp. Matter Pod. 06269_ Extracted 108 matter. 06270_ Acquired Hcp. Matter Pod. 06289_ Acquired 13 matter. 06376_ EXIT=FOUND 06384_ Machine disabled. 06384_ S-10 Pest destroyed. 06384_ Machine disabled. Sub. Optics falls loose from the Twisted Machinery. Map ----- +----------------------------------------------------+ | ?????????????????????????????????????????????????? | | ?????????????????????????????????????????????????? | | ?????????????????????????????????????????????????? | | ?????????????????????????????????????????????????? | | ?????????????????????????????????????????????????? | | ?????????????????????????????????????????????????? | | ?????????????????????????????????????????????????? | | ?????????????????????????????????????????????????? | | ?????????????????????????????????????????????????? | | ?????????????????????????????????????????????????? | | ?????????????????????????????????????????????????? | | ?????????????????????????????????????????????????? | | ?????????????????????????????????????????????????? | | ?????????????????????????????????????????????????? | | ?????????????????????????????????????????????????? | | ?????????????????????????????????????????????????? | | ?????????????????????????????????????????????????? | | ?????????????????###?????????????????????????????? | | ?????????????????# ?????????????????????????????? | | ?????##??????????# ?????????????????????????????? | | ????## ##???????##" ?????????????????????????????? | | ????# "##??????#"""?????????????????????????????? | | ????# "##?###?#""#?????????????????????????????? | | ?????# "#?#"###" ########### ##!"#"#"##""??????? | | ???### #?# ### # ## ;;; <"????? | | ??## #### " @ " "" ?????????? | | ??# ; #####; % # # #??????????? | | ??# ### ##??##; ] ##???????????????? | | ??## ##?#" "#???#;[ ; ##????????????????? | | ??# ##? ""#???#;; ????????????????? | | #### ## ""##???# ; ;#??????????????? | | """####?##; = ; #?????????????? | | " "" %t ;; #????????????? | | #### %& <; #????????????? | | #??# "" t ;; #????????????? | | ##??########### ; ##????????????? | | ##### #?????????????? ;##?????????????? | | ????# ##??????????????" ##??????????????? | | ????## #???????????????#######???????????????? | | ?????## #?????????????????????????????????????? | | ??###?# #?????????????????????????????????????? | | ?## ## #?????????????????????????????????????? | | ## #?????????????????????????????????????? | | # " ##?????????????????????????????????????? | | # " " #??????????????????????????????????????? | | # """ ##??????????????????????????????????????? | | """ ##???????????????????????????????????????? | | """ #????????????????????????????????????????? | | """ ##????????????????????????????????????????? | | "" #?????????????????????????????????????????? | +----------------------------------------------------+ Best States ------------- Heat Dissipation 35 Energy Generation 15 Energy Capacity 250 Matter Stores 300 Matter Capacity 300 Sight Range 21 Terrain Scan Range 16 Terrain Scan Density 10 Armor Coverage 800 Evasion (%) 50 Recoil Reduction 2 Item Schematics ----------------- None Robot Schematics ------------------ None Fabricated ------------ Nothing Alien Tech Used ----------------- None Achievements -------------- None Challenges ------------ None Game ------ Seed GunMissileTerminator Manual? 0 Play Time 00:49:54 Cumulative 996.3 hours Start 2023.06.27 @ 22:09:51 End 2023.06.27 @ 23:23:25 Sessions 1 Manual Loads 0 Difficulty Rogue Special Mode None Game No. 212 Rogue 180 Adventurer 31 Explorer 1 Win Type - Total 45 Types 31/0/6/7/0/0/1/0/0 Lore% 83 Gallery% 88 Achievement% 79 Wizard Run 0 Options --------- ASCII 0 Keyboard 0 Movement Arrows Keybinds 0 Fullscreen 1 Font 20/Terminus Map View 66x50 Tactical HUD 1 Map Filters NONE Filters NONE Steam 1 RUN: 14ffb8c7-efa0-4408-a1de-12e6a77cc0b2